 Dungeon Sprint DCSS version 0.23.1 (webtiles) character file.

Game seed: 734528231713053205

461308 nuthulu the Conqueror (level 21, -14/224 HPs)
             Began as a Minotaur Fighter on Mar 4, 2019.
             Was a High Priest of Qazlal.
             Killed from afar by Lom Lobon (20 damage)
             ... with a great icy blast
             ... in the Dungeon (Sprint IX: "|||||||||||||||||||||||||||||").
             The game lasted 00:23:20 (10619 turns).

nuthulu the Conqueror (Minotaur Fighter)           Turns: 10619, Time: 00:23:21

Health: -14/224    AC: 45    Str: 35    XL:     21   Next: 90%
Magic:  25/43      EV: 32    Int:  5    God:    Qazlal [*****.]
Gold:   279        SH: 27    Dex: 19    Spells: 59/59 levels left

rFire    + . .     SeeInvis .   o - +9 broad axe (chop)
rCold    + + .     Gourm    .   c - +0 shield
rNeg     + + .     Faith    .   O - +2 gold dragon scales
rPois    +         Spirit   .   f - +0 hat {MR+}
rElec    .         Reflect  .   I - +2 cloak {MR+}
rCorr    .         Harm     .   T - +0 pair of gloves {Dex+3}
MR       +++..     NoTele   +   q - +2 pair of boots of the Cuttlefish {rN++}
Stlth    +.........             N - amulet of regeneration
HPRegen  0.87/turn              s - +2 ring of protection
MPRegen  0.28/turn              J - +4 ring of protection

@: mighty, agile, frozen, protected from cold, very slightly contaminated,
hasted, invisible, repel missiles, quick
A: retaliatory headbutt, horns 2
}: 6/17 runes: decaying, slimy, silver, golden, abyssal, gossamer
a: Upheaval, Elemental Force, Disaster Area, Renounce Religion


You were in the Dungeon.
You worshipped Qazlal.
Qazlal was extremely pleased with you.
You were not hungry.

You visited 1 branch You collected 724 gold pieces.
You spent 445 gold pieces at shops.

Inventory:

Hand Weapons
 a - a +0 war axe
 o - a +9 broad axe of chopping (weapon)
Missiles
 b - a throwing net (quivered)
Armour
 c - a +0 shield (worn)
 f - a +0 hat of magic resistance (worn)
 q - the +2 pair of boots of the Cuttlefish (worn) {rN++}
   (You found it in the Dungeon)

   It greatly protects you from negative energy.
 I - a +2 cloak of magic resistance (worn)
 O - +2 gold dragon scales (worn)
 T - a +0 pair of gloves of dexterity (worn)
Jewellery
 s - a +2 ring of protection (left hand)
 t - a +2 ring of protection
 w - an uncursed amulet of rage
 E - an uncursed ring of ice
 F - an uncursed ring of ice
 G - an uncursed ring of ice
 H - the amulet "Venorur" {Spirit *Drain Int+2 Slay+5}
   (You found it in the Dungeon)

   [amulet of guardian spirit]

   It causes incoming damage to be split between your health and magic.
   It affects your intelligence (+2).
   It affects your accuracy and damage with ranged weapons and melee attacks
   (+5).
   It causes draining when unequipped.
 J - a +4 ring of protection (right hand)
 K - a +6 ring of dexterity
 L - a +4 ring of evasion
 M - a +6 ring of dexterity
 N - an amulet of regeneration (around neck)
 P - the ring of Wiulenob {+Fly Int+7}
   (You found it in the Dungeon)

   [ring of flight]

   It affects your intelligence (+7).
   It lets you fly.
 Q - the amulet "Emuulyff" {RegenMP Str+7 Int-5 SInv}
   (You found it in the Dungeon)

   [amulet of magic regeneration]

   It increases your magic regeneration.
   It affects your strength (+7).
   It affects your intelligence (-5).
   It lets you see invisible.
 R - the amulet of Prescription {rC+ Regen+ Str+2 Slay-2}
   (You found it in the Dungeon)

   [amulet of regeneration]

   It affects your strength (+2).
   It affects your accuracy and damage with ranged weapons and melee attacks
   (-2).
   It protects you from cold.
   It increases your rate of regeneration.
 S - the amulet "Seno" {Gourm rPois MR+ Int-5}
   (You found it in the Dungeon)

   [amulet of the gourmand]

   It allows you to eat raw meat even when not hungry.
   It affects your intelligence (-5).
   It protects you from poison.
   It affects your resistance to hostile enchantments.
Wands
 n - a wand of acid (1)
 y - a wand of polymorph (4)
Scrolls
 k - 5 scrolls of blinking
 l - 5 scrolls of remove curse
 m - 2 scrolls of amnesia
 p - 5 scrolls of fear
 r - 4 scrolls of enchant weapon
 z - 4 scrolls of identify
 A - 2 scrolls of fog
Potions
 g - 10 potions of curing
 h - 5 potions of haste
 i - 3 potions of magic
 j - 3 potions of berserk rage
 u - 3 potions of agility
 v - 2 potions of heal wounds
 x - a potion of mutation
 B - a potion of ambrosia
 D - 3 potions of brilliance
Comestibles
 C - 9 rations


   Skills:
 O Level 27 Fighting
 O Level 27 Axes
 + Level 22.0 Throwing
 O Level 27 Armour
 O Level 27 Dodging
 + Level 20.6 Stealth
 O Level 27 Shields
 O Level 27 Unarmed Combat
 * Level 19.9 Spellcasting
 O Level 27 Invocations
 O Level 27 Evocations


You had 59 spell levels left.
You didn't know any spells.
Your spell library was empty.

Dungeon Overview and Level Annotations

Branches:
Dungeon (1/1)

Altars:
Cheibriados
Dithmenos
Elyvilon
Fedhas
Gozag
Hepliaklqana
Kikubaaqudgha
Makhleb
Nemelex Xobeh
Okawaru
Qazlal
Ru
Sif Muna
Trog
Uskayaw
Vehumet
Wu Jian
Xom
Yredelemnul
Zin
The Shining One
Beogh
Jiyva
Lugonu

Shops:
D %:%!

Annotations:
D Antaeus, Lom Lobon


Innate Abilities, Weirdness & Mutations

You reflexively headbutt those who attack you in melee.
You have a pair of horns on your head.


Message History

Qazlal accepts your kill.
The balrug disappears in a puff of smoke!
Your Throwing skill increases to level 22!
Your Stealth skill increases to level 20!
Your Spellcasting skill increases to level 19!
Unknown command.
Okay, then.
Lom Lobon gestures at you.
Lom Lobon conjures a mighty blast of ice!
The great icy blast engulfs you!!! You partially resist.
Your resistance to fire fades away.
You feel protected from cold.
* * * LOW HITPOINT WARNING * * *
You are encased in ice.
Unknown command.
Lom Lobon gestures at you.
Lom Lobon conjures a mighty blast of ice!
The great icy blast engulfs you!! You partially resist.
You feel more protected from cold.
You die...

▓▓▓▓▓▓▓▓▓▓▓▓▓▓▓▓▓▓▓▓▓▓▓▓▓▓▓
................@§§§°§&C...
▓▓▓▓▓▓▓▓▓▓▓▓▓▓▓▓▓▓▓▓▓▓▓▓▓▓▓▓▓▓▓▓▓
.................................
▓▓▓▓▓▓▓▓▓▓▓▓▓▓▓▓▓▓▓▓▓▓▓▓▓▓▓▓▓▓▓▓▓
........................'........
▓▓▓▓▓▓▓▓▓▓▓▓▓▓▓▓▓▓▓▓▓▓▓▓▓▓▓▓▓▓▓▓▓
.................................
♣♣▓▓▓▓▓▓▓▓▓▓▓▓▓▓▓▓▓▓▓▓▓▓▓▓▓▓▓▓▓▓▓
.).[.[.(.....)).['...............


You could see Antaeus and Lom Lobon.

Vanquished Creatures
  Cerebov (D)
  the Royal Jelly (D)
  Gloorx Vloq (D)
  Mara (D)
  2 orbs of fire (D)
  5 ancient liches (D)
  7 greater mummies (D)
  Boris (D)
  4 Killer Klowns (D)
  Saint Roka (D)
  Geryon (D)
  2 golden dragons (D)
  Nikola (D)
  2 bone dragons (D)
  2 electric golems (D)
  6 liches (D)
  3 tentacled monstrosities (D)
  A titan (D)
  27 Orb Guardians (D)
  2 quicksilver dragons (D)
  3 deep elf blademasters (D)
  4 deep elf master archers (D)
  6 acid blobs (D)
  Gastronok (D)
  Agnes (D)
  12 sphinxes (D)
  2 draconian monks (D)
  A death cob (D)
  6 shadow dragons (D)
  7 storm dragons (D)
  Donald (D)
  Kirke (D)
  6 azure jellies (D)
  2 tengu reavers (D)
  Ilsuiw (D)
  2 draconian knights (D)
  3 fire giants (D)
  7 nagarajas (D)
  A deep elf sorcerer (D)
  4 ghost moths (D)
  4 vault wardens (D)
  Louise (D)
  A draconian scorcher (D)
  6 emperor scorpions (D)
  2 draconian shifters (D)
  3 ironheart preservers (D)
  4 stone giants (D)
  3 very ugly things (D)
  3 green draconians (D)
  2 entropy weavers (D)
  4 vampire knights (D)
  2 deep elf demonologists (D)
  2 purple draconians (D)
  5 white draconians (D)
  A black draconian (D)
  A yellow draconian (D)
  5 red draconians (D)
  2 deep elf death magi (D)
  A crystal guardian (D)
  3 merfolk javelineers (D)
  6 merfolk impalers (D)
  Snorg (D)
  4 fire dragons (D)
  5 mummy priests (D)
  6 death oozes (D)
  2 deep elf high priests (D)
  4 ettins (D)
  25 vault guards (D)
  A great orb of eyes (D)
  3 ice dragons (D)
  4 naga warriors (D)
  Erica (D)
  3 centaur warriors (D)
  10 hydras (D)
  A merfolk avatar (D)
  3 merfolk aquamancers (D)
  3 ogre magi (D)
  An orc high priest (D)
  3 alligators (D)
  A spriggan berserker (D)
  A deep elf knight (D)
  A hell knight (D)
  A sea snake (D)
  A swamp dragon (shapeshifter) (D)
  A naga ritualist (D)
  2 glowing orange brains (D)
  4 swamp dragons (D)
  A wizard (D)
  3 ironbrand convokers (D)
  2 phantasmal warriors (D)
  A deep elf mage (D)
  An orb spider (D)
  6 orc knights (D)
  A mana viper (D)
  5 orc sorcerers (D)
  3 wolf spiders (D)
  3 necromancers (D)
  13 moths of wrath (D)
  A cyclops (D)
  2 manticores (D)
  2 ugly things (D)
  An elephant (D)
  4 naga magi (D)
  2 guardian serpents (D)
  3 black mambas (D)
  3 spiny frogs (D)
  6 vault sentinels (D)
  2 komodo dragons (D)
  4 yaktaurs (D)
  A rime drake (D)
  3 demonic crawlers (D)
  A wandering mushroom (D)
  4 polar bears (D)
  16 guardian mummies (D)
  2 jumping spiders (D)
  A troll (D)
  3 merfolk (D)
  2 tyrant leeches (D)
  A hornet (D)
  6 slime creatures (D)
  2 snapping turtles (D)
  2 hippogriffs (D)
  11 spriggans (D)
  3 redbacks (D)
  2 shadows (D)
  A wraith (D)
  A chaos spawn (D)
  A basilisk (D)
  A ynoxinul (D)
  2 hogs (D)
  A tarantella (D)
  2 large abominations (D)
  A golden eye (D)
  A vampire mosquito (D)
  A naga (D)
  3 water moccasins (D)
  An acid dragon (D)
  4 floating eyes (D)
  A porcupine (D)
  A floating eye (shapeshifter) (D)
  An ice beast (D)
  A sky beast (D)
  2 swamp drakes (D)
  11 orc warriors (D)
  A phantom (D)
  4 black bears (D)
  A crocodile (D)
  A centaur (D)
  2 bullfrogs (D)
  A wight (D)
  A crimson imp (D)
  2 quasits (D)
  5 orc priests (D)
  11 orc wizards (D)
  2 worker ants (D)
  2 adders (D)
  A shadow imp (D)
  2 adder skeletons (D)
  2 ball lightnings (D)
  A leopard gecko (D)
  7 orcs (D)
  2 hobgoblins (D)
  2 frilled lizards (D)
  A kobold (D)
  A quokka skeleton (D)
  A fire vortex (D)
514 creatures vanquished.

Vanquished Creatures (others)
  A draconian knight (D)
  A naga mage (D)
  A lurking horror (D)
3 creatures vanquished.

Grand Total: 517 creatures vanquished

Notes
Turn   | Place    | Note
-------+----------+-------------------------------------------
     0 | D        | nuthulu the Minotaur Fighter began the quest for the Orb.
     0 | D        | Reached XP level 1. HP: 19/19 MP: 0/0
    30 | D        | Noticed a worker ant
    30 | D        | Noticed a phantom
    37 | D        | Killed a worker ant
    37 | D        | Reached skill level 5 in Fighting
    37 | D        | Reached skill level 5 in Armour
    37 | D        | Reached skill level 5 in Shields
    37 | D        | Reached XP level 2. HP: 29/29 MP: 1/1
    37 | D        | Reached XP level 3. HP: 36/36 MP: 2/2
    98 | D        | Killed a phantom
    98 | D        | Reached XP level 4. HP: 24/47 MP: 3/3
    98 | D        | Reached XP level 5. HP: 27/52 MP: 4/4
   212 | D        | Found a roughly hewn altar of Beogh.
   212 | D        | Found a snail-covered altar of Cheibriados.
   212 | D        | Found a shadowy altar of Dithmenos.
   212 | D        | Found a white marble altar of Elyvilon.
   212 | D        | Found a blossoming altar of Fedhas.
   212 | D        | Found an opulent altar of Gozag.
   213 | D        | Found a hazy altar of Hepliaklqana.
   214 | D        | Found a viscous altar of Jiyva.
   215 | D        | Found an ancient bone altar of Kikubaaqudgha.
   216 | D        | Found a corrupted altar of Lugonu.
   217 | D        | Found a burning altar of Makhleb.
   218 | D        | Found a sparkling altar of Nemelex Xobeh.
   219 | D        | Found an iron altar of Okawaru.
   220 | D        | Found a stormy altar of Qazlal.
   221 | D        | Found a sacrificial altar of Ru.
   222 | D        | Found a deep blue altar of Sif Muna.
   223 | D        | Found a bloodstained altar of Trog.
   224 | D        | Found a hide-covered altar of Uskayaw.
   225 | D        | Found a radiant altar of Vehumet.
   226 | D        | Found an ornate altar of the Wu Jian Council.
   227 | D        | Found a shimmering altar of Xom.
   228 | D        | Became a worshipper of Qazlal Stormbringer
   229 | D        | Found a basalt altar of Yredelemnul.
   230 | D        | Found a glowing silver altar of Zin.
   231 | D        | Found a glowing golden altar of the Shining One.
   286 | D        | Noticed a troll
   286 | D        | Noticed a sky beast
   286 | D        | Noticed a wraith
   294 | D        | Reached * piety under Qazlal
   305 | D        | Killed a troll
   305 | D        | Reached XP level 6. HP: 12/64 MP: 5/5
   323 | D        | Killed a sky beast
   323 | D        | Reached XP level 7. HP: 29/71 MP: 6/6
   327 | D        | Killed a wraith
   327 | D        | Reached ** piety under Qazlal
   327 | D        | Reached skill level 10 in Fighting
   327 | D        | Reached skill level 10 in Armour
   327 | D        | Reached skill level 10 in Shields
   616 | D        | Noticed a slime creature
   616 | D        | Noticed a seven-headed hydra
   616 | D        | Noticed a hippogriff
   624 | D        | Killed a slime creature
   624 | D        | Reached skill level 10 in Axes
   627 | D        | Killed a hippogriff
   627 | D        | Reached *** piety under Qazlal
   627 | D        | Reached XP level 8. HP: 33/82 MP: 7/7
   628 | D        | Killed a seven-headed hydra
   996 | D        | Noticed a black mamba
   996 | D        | Noticed a komodo dragon
   996 | D        | Noticed a rime drake
  1002 | D        | Reached **** piety under Qazlal
  1002 | D        | Reached skill level 1 in Invocations
  1002 | D        | Reached XP level 9. HP: 81/91 MP: 7/9
  1006 | D        | Killed a black mamba
  1009 | D        | Killed a komodo dragon
  1015 | D        | Killed a rime drake
  1016 | D        | Noticed a spiny frog
  1016 | D        | Noticed a spiny frog
  1018 | D        | Noticed a black mamba
  1028 | D        | Killed a spiny frog
  1028 | D        | Reached ***** piety under Qazlal
  1030 | D        | Killed a spiny frog
  1037 | D        | Killed a black mamba
  1037 | D        | Reached skill level 5 in Invocations
  1317 | D        | Noticed an elephant
  1319 | D        | Noticed a komodo dragon
  1321 | D        | Reached XP level 10. HP: 102/102 MP: 13/13
  1333 | D        | Killed an elephant
  1334 | D        | Noticed a spiny frog
  1351 | D        | Killed a spiny frog
  1351 | D        | Reached ****** piety under Qazlal
  1557 | D        | Noticed Erica
  1564 | D        | Killed Erica
  1629 | D        | Noticed an ettin
  1637 | D        | Killed an ettin
  1637 | D        | Reached skill level 15 in Fighting
  1637 | D        | Reached skill level 15 in Armour
  1637 | D        | Reached skill level 15 in Shields
  1637 | D        | Reached XP level 11. HP: 50/112 MP: 16/16
  1835 | D        | Noticed an orc knight
  1835 | D        | Noticed an orc knight
  1838 | D        | Reached skill level 15 in Axes
  1849 | D        | Killed an orc knight
  1851 | D        | Noticed an orc knight
  1864 | D        | Killed an orc knight
  1865 | D        | Noticed an orc high priest
  1873 | D        | Killed an orc knight
  1876 | D        | Noticed a sixfirhy
  1879 | D        | Killed an orc high priest
  2202 | D        | Found Jepecwea's Food Emporium.
  2202 | D        | Noticed an orc sorcerer
  2203 | D        | Noticed an orc sorcerer
  2205 | D        | Found Gepreusm's Book Shoppe.
  2207 | D        | Killed an orc sorcerer
  2213 | D        | Noticed an orc sorcerer
  2214 | D        | Killed an orc sorcerer
  2218 | D        | Found Cestec's Food Emporium.
  2222 | D        | Killed an orc sorcerer
  2222 | D        | Reached skill level 10 in Invocations
  2223 | D        | Found Orghitooh's Distillery.
  2227 | D        | Noticed an orc sorcerer
  2232 | D        | Noticed an orc sorcerer
  2236 | D        | Killed an orc sorcerer
  2242 | D        | Killed an orc sorcerer
  2250 | D        | Bought a ration for 65 gold pieces
  2250 | D        | Bought a ration for 65 gold pieces
  2250 | D        | Bought a ration for 65 gold pieces
  2250 | D        | Bought a ration for 65 gold pieces
  2250 | D        | Bought a ration for 65 gold pieces
  2250 | D        | Bought a ration for 65 gold pieces
  2263 | D        | Bought a potion of heal wounds for 55 gold pieces
  2325 | D        | Noticed Gastronok
  2337 | D        | Killed Gastronok
  2422 | D        | Got the +2 pair of boots of the Cuttlefish {rN++}
  2488 | D        | Noticed a wizard
  2488 | D        | Noticed a centaur warrior
  2494 | D        | Killed a wizard
  2496 | D        | Noticed a glowing orange brain
  2501 | D        | Killed a centaur warrior
  2501 | D        | Reached XP level 12. HP: 125/125 MP: 19/19
  2502 | D        | Noticed a fire giant
  2506 | D        | Noticed an ettin
  2512 | D        | Noticed an ice dragon
  2513 | D        | Noticed an ettin
  2524 | D        | Killed a fire giant
  2525 | D        | Killed an ettin
  2525 | D        | Killed an ice dragon
  2532 | D        | Killed an ettin
  2538 | D        | Noticed a brown very ugly thing
  2546 | D        | Killed a brown very ugly thing
  2790 | D        | Noticed a merfolk aquamancer
  2810 | D        | Killed a merfolk aquamancer
  3073 | D        | Noticed an entropy weaver
  3075 | D        | Noticed an entropy weaver
  3079 | D        | Killed an entropy weaver
  3079 | D        | Reached XP level 13. HP: 131/136 MP: 20/22
  3080 | D        | Killed an entropy weaver
  3182 | D        | Noticed a nagaraja
  3200 | D        | Killed a nagaraja
  3441 | D        | Reached skill level 1 in Dodging
  3449 | D        | Reached skill level 15 in Invocations
  3548 | D        | Noticed Saint Roka
  3586 | D        | Killed Saint Roka
  3906 | D        | Noticed Donald
  3930 | D        | Killed Donald
  3980 | D        | Noticed a stone giant
  3986 | D        | Noticed a cyan very ugly thing
  3988 | D        | Killed a stone giant
  3989 | D        | Reached XP level 14. HP: 144/151 MP: 23/25
  3999 | D        | Noticed a tengu reaver
  3999 | D        | Killed a cyan very ugly thing
  4009 | D        | HP: 3/151 [ice dragon/blast of cold (49)]
  4020 | D        | Noticed a stone giant
  4022 | D        | Killed a tengu reaver
  4022 | D        | Reached skill level 10 in Dodging
  4029 | D        | Killed a stone giant
  4412 | D        | Noticed a vault warden
  4422 | D        | Noticed an ironheart preserver
  4440 | D        | Killed an ironheart preserver
  4441 | D        | Noticed a vault warden
  4449 | D        | Killed a vault warden
  4456 | D        | Noticed a vault warden
  4458 | D        | Killed a vault warden
  4460 | D        | Noticed an ironheart preserver
  4482 | D        | Killed an ironheart preserver
  4495 | D        | Killed a vault warden
  4810 | D        | Noticed Nikola
  4827 | D        | Killed Nikola
  4902 | D        | Reached XP level 15. HP: 165/165 MP: 19/27
  5023 | D        | Got a decaying rune of Zot
  5029 | D        | Noticed a nagaraja
  5030 | D        | Noticed a nagaraja
  5034 | D        | Killed a nagaraja
  5035 | D        | Noticed a nagaraja
  5038 | D        | Noticed a nagaraja
  5042 | D        | Noticed a nagaraja
  5048 | D        | Noticed a nagaraja
  5051 | D        | Killed a nagaraja
  5062 | D        | Killed a nagaraja
  5062 | D        | Reached skill level 15 in Dodging
  5068 | D        | Killed a nagaraja
  5072 | D        | Killed a nagaraja
  5081 | D        | Killed a nagaraja
  5213 | D        | Noticed Ilsuiw
  5238 | D        | Killed Ilsuiw
  5308 | D        | Killed a ghost moth
  5382 | D        | Got a gossamer rune of Zot
  5562 | D        | Noticed Louise
  5577 | D        | Killed Louise
  5583 | D        | Noticed Agnes
  5593 | D        | Killed Agnes
  5593 | D        | Reached XP level 16. HP: 180/180 MP: 29/29
  5798 | D        | Reached skill level 27 in Fighting
  5798 | D        | Reached skill level 27 in Armour
  5824 | D        | Noticed a shadow dragon
  5833 | D        | Noticed a shadow dragon
  5837 | D        | Killed a shadow dragon
  5848 | D        | Killed a shadow dragon
  5881 | D        | Noticed a shadow dragon
  5881 | D        | Noticed an ancient lich
  5881 | D        | Noticed a storm dragon
  5881 | D        | Noticed a titan
  5881 | D        | Noticed a shadow dragon
  5884 | D        | Killed a titan
  5884 | D        | Killed a shadow dragon
  5886 | D        | Noticed a tentacled monstrosity
  5888 | D        | Noticed a shadow dragon
  5892 | D        | Killed a storm dragon
  5892 | D        | Killed a tentacled monstrosity
  5894 | D        | Killed an ancient lich
  5896 | D        | Killed a shadow dragon
  5896 | D        | Reached XP level 17. HP: 191/191 MP: 16/32
  5906 | D        | Got a vibrating golden ring
  5907 | D        | Identified the ring "Ewkyedwu" {MR- Str+4 Dex+3 Stlth-}
                  | (You found it in the Dungeon)
  5910 | D        | Got a silver rune of Zot
  5927 | D        | Noticed Kirke
  5938 | D        | Killed Kirke
  6040 | D        | Got the amulet "Venorur" {Spirit *Drain Int+2 Slay+5}
  6042 | D        | Got the ring of Wiulenob {+Fly Int+7}
  6044 | D        | Got the amulet "Emuulyff" {RegenMP Str+7 Int-5 SInv}
  6046 | D        | Got the amulet of Prescription {rC+ Regen+ Str+2 Slay-2}
  6048 | D        | Got the amulet "Seno" {Gourm rPois MR+ Int-5}
  6143 | D        | Noticed Snorg
  6154 | D        | Killed Snorg
  6166 | D        | Noticed Mara
  6177 | D        | Noticed nuthulu's illusion
  6181 | D        | Killed Mara
  6189 | D        | Noticed Boris
  6204 | D        | Killed Boris
  6231 | D        | Noticed a lich
  6233 | D        | Killed a lich
  6254 | D        | Reached skill level 27 in Invocations
  6423 | D        | Noticed a bone dragon
  6423 | D        | Noticed a bone dragon
  6430 | D        | Killed a bone dragon
  6430 | D        | Reached skill level 27 in Dodging
  6447 | D        | Killed a bone dragon
  6451 | D        | Reached skill level 5 in Unarmed Combat
  6459 | D        | Noticed a golden dragon
  6510 | D        | Killed a golden dragon
  6529 | D        | Reached skill level 10 in Unarmed Combat
  6548 | D        | Noticed a quicksilver dragon
  6556 | D        | Killed a quicksilver dragon
  6564 | D        | Reached XP level 18. HP: 187/200 MP: 25/34
  6703 | D        | Reached skill level 15 in Unarmed Combat
  6710 | D        | Noticed a tentacled monstrosity
  6711 | D        | Noticed a Killer Klown
  6716 | D        | Killed a tentacled monstrosity
  6717 | D        | Noticed a tentacled monstrosity
  6721 | D        | Killed a Killer Klown
  6727 | D        | Killed a tentacled monstrosity
  6830 | D        | Noticed an Orb Guardian
  6830 | D        | Noticed an Orb Guardian
  6830 | D        | Noticed an Orb Guardian
  6830 | D        | Noticed an Orb Guardian
  6830 | D        | Noticed an Orb Guardian
  6830 | D        | Noticed an Orb Guardian
  6833 | D        | Noticed an Orb Guardian
  6834 | D        | Killed an Orb Guardian
  6836 | D        | Killed an Orb Guardian
  6836 | D        | Noticed an Orb Guardian
  6843 | D        | Killed an Orb Guardian
  6846 | D        | Killed an Orb Guardian
  6846 | D        | Reached skill level 5 in Evocations
  6854 | D        | Killed an Orb Guardian
  6859 | D        | Killed an Orb Guardian
  6868 | D        | Killed an Orb Guardian
  6871 | D        | Killed an Orb Guardian
  6872 | D        | Noticed an Orb Guardian
  6874 | D        | Noticed an Orb Guardian
  6877 | D        | Killed an Orb Guardian
  6883 | D        | Killed an Orb Guardian
  6893 | D        | Noticed an Orb Guardian
  6893 | D        | Noticed an Orb Guardian
  6896 | D        | Noticed an Orb Guardian
  6899 | D        | Noticed an Orb Guardian
  6912 | D        | Killed an Orb Guardian
  6914 | D        | Killed an Orb Guardian
  6917 | D        | Reached skill level 27 in Axes
  6923 | D        | Killed an Orb Guardian
  6923 | D        | Reached skill level 10 in Evocations
  6925 | D        | Killed an Orb Guardian
  7163 | D        | Noticed an ancient lich
  7177 | D        | Killed an ancient lich
  7177 | D        | Reached XP level 19. HP: 207/207 MP: 35/35
  7272 | D        | Noticed an orb of fire
  7282 | D        | Killed an orb of fire
  7313 | D        | Noticed an electric golem
  7321 | D        | Killed an electric golem
  7340 | D        | Noticed an electric golem
  7340 | D        | Noticed a Killer Klown
  7340 | D        | Noticed a Killer Klown
  7342 | D        | Noticed an orb of fire
  7346 | D        | Killed a Killer Klown
  7346 | D        | Reached skill level 27 in Shields
  7346 | D        | Killed a Killer Klown
  7346 | D        | Killed an orb of fire
  7346 | D        | Reached skill level 15 in Evocations
  7347 | D        | Noticed an ancient lich
  7350 | D        | Killed an electric golem
  7350 | D        | Noticed a Killer Klown
  7352 | D        | Killed an ancient lich
  7355 | D        | Killed a Killer Klown
  7356 | D        | Noticed a golden dragon
  7361 | D        | Killed a golden dragon
  7590 | D        | Reached skill level 27 in Unarmed Combat
  8122 | D        | Noticed an ancient lich
  8123 | D        | Reached XP level 20. HP: 216/216 MP: 36/36
  8131 | D        | Killed an ancient lich
  8132 | D        | Noticed an ancient lich
  8145 | D        | Killed an ancient lich
  8145 | D        | Reached skill level 27 in Evocations
  8145 | D        | Reached skill level 1 in Spellcasting
  8398 | D        | Reached skill level 5 in Throwing
  8404 | D        | Reached skill level 5 in Stealth
  8404 | D        | Reached skill level 5 in Spellcasting
  8414 | D        | Reached skill level 10 in Throwing
  8416 | D        | Reached skill level 10 in Stealth
  8523 | D        | Noticed the Royal Jelly
  8530 | D        | Killed the Royal Jelly
  8530 | D        | Reached skill level 10 in Spellcasting
  8559 | D        | Reached skill level 15 in Throwing
  8612 | D        | Paralysed by a floating eye for 4 turns
  8756 | D        | Got a slimy rune of Zot
  8959 | D        | Reached skill level 15 in Stealth
  8959 | D        | Reached XP level 21. HP: 172/224 MP: 37/37
  9243 | D        | Noticed a greater mummy
  9274 | D        | Killed a greater mummy
  9274 | D        | Reached skill level 15 in Spellcasting
  9603 | D        | Noticed a greater mummy
  9603 | D        | Noticed a greater mummy
  9603 | D        | Noticed a greater mummy
  9603 | D        | Noticed a greater mummy
  9605 | D        | Killed a greater mummy
  9605 | D        | Killed a greater mummy
  9606 | D        | Killed a greater mummy
  9606 | D        | Killed a greater mummy
  9613 | D        | Killed a greater mummy
  9642 | D        | Noticed a greater mummy
  9655 | D        | Killed a greater mummy
  9900 | D        | Got a golden rune of Zot
 10044 | D        | Got an abyssal rune of Zot
 10541 | D        | Noticed Geryon
 10565 | D        | Killed Geryon
 10568 | D        | Noticed Lom Lobon
 10568 | D        | Identified the +6 sword of Cerebov {flame}
 10568 | D        | Noticed Cerebov
 10568 | D        | Noticed Gloorx Vloq
 10570 | D        | Killed Gloorx Vloq
 10614 | D        | Noticed Antaeus
 10616 | D        | Killed Cerebov
 10617 | D        | HP: 5/224 [Lom Lobon/great icy blast (54)]
 10619 | D        | Killed from afar by Lom Lobon

Skill      XL: |  1  2  3  4  5  6  7  8  9 10 11 12 13 14 15 16 17 18 19 20 21 |
---------------+----------------------------------------------------------------+-----
Fighting       | 5 7 9 11 12 13 15 17 18 21 23 26 27 | 27.0
Axes           | 4 6 9 10 12 13 14 16 18 19 22 27 | 27.0
Armour         | 5 7 9 11 12 13 15 17 18 21 23 25 27 | 27.0
Shields        | 5 7 9 11 12 13 15 16 20 26 27 | 27.0
Invocations    | 1 5 8 11 13 16 18 21 25 27 | 27.0
Dodging        | 8 13 18 23 27 | 27.0
Unarmed Combat | 13 20 27 | 27.0
Evocations     | 11 23 27 | 27.0
Throwing       | 16 22 | 22.0
Stealth        | 15 20 | 20.6
Spellcasting   | 12 19 | 19.9

Action                   |  1- 3 |  4- 6 |  7- 9 | 10-12 | 13-15 | 16-18 | 19-21 || total
-------------------------+-------+-------+-------+-------+-------+-------+-------++-------
Melee: War axe           |    61 |       |       |       |       |       |       ||    61
       Headbutt          |     7 |     8 |     6 |    52 |   104 |   144 |    84 ||   405
       Broad axe         |       |    31 |    52 |   224 |   411 |   509 |   292 ||  1519
Invok: Disaster Area     |       |       |       |     5 |    15 |    11 |    32 ||    63
Evoke: Wand              |       |       |     4 |       |     8 |       |       ||    12
  Use: Potion            |     3 |     2 |     1 |     1 |     2 |       |    11 ||    20
       Scroll            |       |       |     4 |     2 |     4 |     1 |       ||    11
  Eat: Ration            |       |       |     1 |     1 |     3 |     1 |     3 ||     9
       Chunk             |       |       |     1 |       |       |       |     1 ||     2
Armor: Scale mail        |    22 |       |       |       |       |       |       ||    22
       Chain mail        |       |    32 |    16 |    37 |     7 |       |       ||    92
       Plate armour      |       |       |       |       |    14 |       |       ||    14
       Gold dragon scale |       |       |       |       |   106 |   120 |    73 ||   299
Dodge: Dodged            |    20 |     8 |    16 |    23 |    98 |   112 |    59 ||   336
       Deflected         |       |       |     1 |       |     4 |     9 |     7 ||    21
Block: Shield            |    30 |    13 |    46 |   132 |   368 |   264 |   196 ||  1049
